 Dungeon Crawl Stone Soup version 0.26.1-11-gd32895ea62 (webtiles) character file.

Game seed: 5064454878417414127

416 Zeld the Magician (level 6, -1/43 HPs)
             Began as an Octopode Monk on May 17, 2021.
             Slain by an orc wizard
             ... wielding a +0 dagger
              (2 damage)
             ... on level 4 of the Dungeon.
             The game lasted 00:06:43 (4779 turns).

Zeld the Magician (Octopode Monk)                   Turns: 4779, Time: 00:06:44

Health: -1/43      AC:  1    Str: 10    XL:     6   Next: 92%
Magic:  11/11      EV: 15    Int: 12    God:
Gold:   183        SH:  0    Dex: 17    Spells: 12/12 levels left

rFire    . . .     SeeInvis .     - Unarmed
rCold    . . .     Faith    .   (no shield)
rNeg     . . .     Spirit   .   (helmet restricted)
rPois    .         Reflect  .   (no amulet)
rElec    .         Harm     .   (no ring)
rCorr    .         Rampage  .   (no ring)
Will     .....                  (no ring)
Stlth    +++.......             (no ring)
HPRegen  0.14/turn              (no ring)
MPRegen  0.12/turn              (no ring)
                                (no ring)
                                (no ring)

@: flying
A: almost no armour, stealthy swim, amphibious, 8 rings, constrict 8, camouflage
1, gelatinous body 1
a: no special abilities


You were on level 4 of the Dungeon.
You visited 1 branch of the dungeon, and saw 4 of its levels.

You collected 183 gold pieces.

Inventory:

Missiles
 i - 3 curare-tipped darts
 n - 12 poisoned darts (quivered)
Jewellery
 o - a +4 ring of protection {unknown}
Scrolls
 a - 2 scrolls of amnesia {unknown}
 b - a scroll of teleportation {unknown}
 d - 2 scrolls of remove curse {unknown}
 g - 6 scrolls of identify {unknown}
 h - 2 scrolls of enchant armour {unknown}
 l - a scroll of magic mapping {unknown}
Potions
 c - a potion of flight
 e - a potion of lignification {unknown}
 f - 2 potions of curing {unknown}
 j - a potion of magic {unknown}
 k - 2 potions of haste {unknown}
 m - a potion of mutation {unknown}


   Skills:
 - Level 3.7 Fighting
 * Level 3.7 Throwing
 - Level 3.7 Dodging
 - Level 2.6 Stealth
 - Level 3.0 Unarmed Combat
 * Level 3.9 Spellcasting


You had 12 spell levels left.
You didn't know any spells.
Your spell library contained the following spells:

 Spells                   Type           Power        Failure   Level
 Confusing Touch          Hex            2%           56%         3
 Gell's Gravitas          Tloc           1%           56%         3
 Petrify                  Tmut/Erth      2%           92%         4
 Metabolic Englaciation   Hex/Ice        1%           99%         5
 Yara's Violent Unravell  Hex/Tmut       1%           99%         5


Dungeon Overview and Level Annotations

Branches:
Dungeon (4/15)
 Temple: D:4-7

Altars:
Ashenzari
Gozag
Kikubaaqudgha
Sif Muna
Vehumet

Annotations:
D:3 Grinder
D:4 1 runed translucent door, Zeld's ghost, amateur OpFi


Innate Abilities, Weirdness & Mutations

You cannot wear most types of armour.
You are very stealthy in the water. (Stealth+)
You are amphibious.
You can wear up to eight rings at the same time.
You can use your tentacles to constrict eight enemies at once.
Your skin changes colour to match your surroundings (Stealth+).
Your rubbery body absorbs attacks. (AC +1, EV +1)


Message History

The orc wizard looks satisfied for a moment.
You tentacle-slap the orc wizard. You squeeze the orc wizard.
The orc wizard is heavily wounded.
You constrict the orc wizard, but do no damage.
The orc wizard barely misses you.
The orc wizard points at you and mumbles some strange words.
The puff of frost hits you!
* * * LOW HITPOINT WARNING * * *
You tentacle-slap the orc wizard but do no damage.
You squeeze the orc wizard.
The orc wizard is heavily wounded.
You constrict the orc wizard.
The orc wizard hits you with a +0 dagger.
* * * LOW HITPOINT WARNING * * *
Unknown command.
It was a potion of flight.
You feel very buoyant.
You fly up into the air.
You constrict the orc wizard.
The orc wizard hits you with a +0 dagger.
You die...

#.............# #..#
###..### #...........##
#..###..### ##.........##
##......##
#####.......#####..##...##
.........o...o....####...##
..........oo...oo.# ##...#
.........o.oo..oh.# ##..##
.........#######o## ##..##
....###### ###@# #...#
..o..## ###...## ##..##
......# ##......# ##..##
......# #.......## ##..##
#.....# #........# ##..#
##....# #........# #..##
##...# #........## ##..#
##..# ##........#
#########.. ##.#
#........###≈≈≈≈≈###..


You could see a hound, an orc priest, 2 orc wizards and 2 orcs.

Vanquished Creatures
  An ogre (D:4)
  A howler monkey (D:4)
  2 orc priests (D:3)
  An iguana (D:4)
  A worker ant (D:4)
  A worker ant zombie (D:4)
  5 adders
  2 oozes
  3 worms
  3 leopard geckos
  13 orcs
  13 bats
  5 giant cockroaches
  6 goblins
  10 hobgoblins
  7 jackals
  4 quokkas
  A ball python (D:4)
  4 frilled lizards
  6 kobolds
  9 rats
98 creatures vanquished.

Vanquished Creatures (others)
  3 plants (D:2)
3 creatures vanquished.

Grand Total: 101 creatures vanquished

Notes
Turn   | Place    | Note
-------+----------+-------------------------------------------
     0 | D:1      | Zeld the Octopode Monk began the quest for the Orb.
     0 | D:1      | Reached XP level 1. HP: 16/16 MP: 1/1
   107 | D:1      | Reached XP level 2. HP: 16/21 MP: 2/2
   341 | D:1      | Reached skill level 1 in Spellcasting
   622 | D:1      | Reached XP level 3. HP: 26/26 MP: 4/4
  1128 | D:2      | Reached XP level 4. HP: 15/33 MP: 6/6
  1821 | D:2      | Reached skill level 1 in Throwing
  2196 | D:2      | Found an opulent altar of Gozag.
  2264 | D:2      | Reached XP level 5. HP: 34/37 MP: 8/8
  3075 | D:3      | Found a broken altar of Ashenzari.
  3178 | D:3      | Noticed Grinder
  3179 | D:3      | Found a radiant altar of Vehumet.
  3419 | D:3      | Reached XP level 6. HP: 34/43 MP: 10/10
  3555 | D:3      | Paralysed by Grinder for 4 turns
  4546 | D:4      | Found a runed translucent door.
  4547 | D:4      | Noticed Zeld's ghost (amateur OpFi)
  4578 | D:4      | Found an ancient bone altar of Kikubaaqudgha.
  4601 | D:4      | Found a shimmering blue altar of Sif Muna.
  4778 | D:4      | HP: 1/43 [orc wizard/+0 dagger (6)]
  4779 | D:4      | Slain by an orc wizard

Illustrated notes

Levels and vault maps discovered:
D:1:      scummos_arrival_checkerplants, layout_rooms
D:2:      layout_loops_ring, lemuel_coloured_pillars_altar, minmay_statues_item,
          serial_bayou_crossing
D:3:      layout_rooms, vehumet_crystals, lemuel_round_altar, minmay_quantized,
          uniq_grinder
D:4:      layout_cave_pods, kennysheep_mini_moat,
          minmay_temple_entry_proselytizer, ebering_ghost_inner_flame,
          led_sif_pool, uniq_crazy_yiuf_cottage

Skill      XL: |  1  2  3  4  5  6 |
---------------+-------------------+-----
Spellcasting   | 1 2 3 |  3.9
Throwing       | 1 2 3 |  3.7
Fighting       | |  3.7
Dodging        | |  3.7
Stealth        | |  2.6
Unarmed Combat | |  3.0

Action                   |  1- 3 |  4- 6 || total
-------------------------+-------+-------++-------
Melee: Unarmed           |    79 |   164 ||   243
       Constrict         |    25 |    43 ||    68
       Tentacles         |    16 |    37 ||    53
       Punch             |     5 |     5 ||    10
Evoke: Wand              |       |     4 ||     4
  Use: Potion            |       |     1 ||     1
 Stab: Sleeping          |     5 |     9 ||    14
Armor: Skin              |    11 |     4 ||    15
Dodge: Dodged            |    68 |   106 ||   174
